 Dungeon Crawl Stone Soup version 0.17-a0-1534-gf98da79 (webtiles) character file.

278 namelastname112 the Magician (level 6, 0/45 HPs)
             Began as a Draconian Wizard on July 17, 2015.
             Slain by an ice beast (8 damage)
             ... on level 3 of the Dungeon.
             The game lasted 00:05:31 (2882 turns).

namelastname112 the Magician (Draconian Wizard)     Turns: 2882, Time: 00:05:31

Health: 0/45       AC:  6    Str: 10    XL:     6   Next: 5%
Magic:  0/13       EV: 12    Int: 20    God:
Gold:   178        SH:  0    Dex:  9    Spells: 1 memorised, 13 levels left

rFire  . . .     SeeInvis .     e - +0 club
rCold  . . .     Clarity  .     (armour unavailable)
rNeg   . . .     SustAt   .     (no shield)
rPois  .         Gourm    .     a - +0 hat
rElec  .         Spirit   .     (no cloak)
rCorr  .         Warding  .     (no gloves)
rMut   .         Stasis   .     (no boots)
MR     +....                    (no amulet)
Stlth  +.........               q - ring of protection from magic
                                p - ring of flight

@: slowed, very slow, somewhat resistant to hostile enchantments, very
unstealthy
A: unfitting armour, cold-blooded, AC +6
a: Evoke Flight


You were on level 3 of the Dungeon.
You were not hungry.

You visited 1 branch of the dungeon, and saw 3 of its levels.

You collected 178 gold pieces.

Inventory:

Hand weapons
 e - a +0 club (weapon)
Armour
 a - a +0 hat (worn)
Jewellery
 p - a ring of flight (left hand)
 q - a ring of protection from magic (right hand)
Scrolls
 g - 3 scrolls of identify
 i - a scroll of fear
 j - a scroll of enchant armour {unknown}
 k - a scroll of remove curse {unknown}
 s - a scroll of teleportation {unknown}
Potions
 d - 2 potions of curing
 h - a potion of resistance {unknown}
 n - a potion of ambrosia {unknown}
 r - a potion of brilliance {unknown}
 t - a potion of lignification {unknown}
Books
 b - a book of Minor Magic

   Spells                             Type                      Level
   a - Magic Dart                     Conjuration                  1
   b - Blink                          Translocation                2
   c - Call Imp                       Summoning                    2
   d - Repel Missiles                 Charms/Air                   2
   e - Slow                           Hexes                        2
   f - Conjure Flame                  Conjuration/Fire             3
   g - Mephitic Cloud                 Conjuration/Poison/Air       3
Comestibles
 c - 3 bread rations
 l - a meat ration
 m - a royal jelly


   Skills:
 - Level 1.7 Dodging
 - Level 1.7 Stealth
 + Level 4.9 Spellcasting
 + Level 4.3 Conjurations
   Level 1.0 Summonings
   Level 1.0 Translocations


You had 13 spell levels left.
You knew the following spells:

 Your Spells              Type           Power        Failure   Level  Hunger
z - Magic Dart            Conj           ###.         1%          1    None


Dungeon Overview and Level Annotations

Branches:
Dungeon (3/15)

Altars:
Elyvilon
Gozag
Kikubaaqudgha


Innate Abilities, Weirdness & Mutations

Your plain brown scales are hard (AC +6).
Your body does not fit into most forms of armour.
You are cold-blooded and may be slowed by cold attacks.


Message History

Confirm with . or Enter, or press ? or * to list all spells.
Aiming: Magic Dart
Press: ? - help, Shift-Dir - straight line, f/p - ice beast
Aim: an ice beast (severely wounded)
The magic dart hits the ice beast.
The ice beast is almost dead.
The ice beast hits you but does no damage.
You feel yourself speed up. The ice beast barely misses you.
Casting: Magic Dart
Confirm with . or Enter, or press ? or * to list all spells.
Aiming: Magic Dart
Press: ? - help, Shift-Dir - straight line, f/p - ice beast
Aim: an ice beast (almost dead)
The magic dart hits the ice beast.
The ice beast is almost dead.
The ice beast hits you.
* * * LOW HITPOINT WARNING * * *
The ice beast freezes you!
You feel yourself slow down.
You die...

.. .# .. #.# .. #.# #.
#.# #. #.# ####### #.
#.# #.....#
#.#######.###.....#
#$....Y@..........#
............##..###...##
...###.####.##..# #...#
# ... #.##..###...#
..##. #...........### #.
#.# #.##..#.......####
#..##.#
#..........).....#
..##.#
#..##.#.##.##.##.#
..##.# #..#...##...### #


You could see an ice beast.

Vanquished Creatures
  Ijyb (D:2)
  3 orc priests (D:3)
  An adder (D:3)
  8 gnolls
  3 giant geckos
  8 orcs (D:3)
  A ball python (D:1)
  5 giant cockroaches
  6 goblins
  8 hobgoblins
  3 jackals (D:2)
  2 quokkas (D:2)
  8 bats
  3 giant newts
  7 kobolds
  9 rats
76 creatures vanquished.

Notes
Turn   | Place    | Note
--------------------------------------------------------------
     0 | D:1      | namelastname112 the Draconian Wizard began the quest for the Orb.
     0 | D:1      | Reached XP level 1. HP: 14/14 MP: 4/4
   458 | D:1      | Reached XP level 2. HP: 17/20 MP: 1/6
  1251 | D:2      | Reached XP level 3. HP: 26/26 MP: 3/7
  1501 | D:2      | Noticed Ijyb
  1577 | D:2      | Killed Ijyb
  1577 | D:2      | Reached XP level 4. HP: 8/33 MP: 0/9
  1905 | D:2      | Reached skill level 4 in Spellcasting
  2020 | D:2      | Found a faded altar to an unknown god.
  2075 | D:2      | Found an ancient bone altar of Kikubaaqudgha.
  2075 | D:2      | Found a white marble altar of Elyvilon.
  2324 | D:3      | Reached XP level 5. HP: 33/38 MP: 6/11
  2807 | D:3      | Reached XP level 6. HP: 45/45 MP: 10/13
  2813 | D:3      | Found an opulent altar of Gozag.
  2861 | D:3      | Noticed an ice beast
  2882 | D:3      | Slain by an ice beast

Vault maps used:
D:1:      dpeg_arrival_long_road
D:2:      gammafunk_temple_overflow_elements, ecumenical_altar_1, uniq_iyjb
D:3:      grunt_gozag_breadcrumbs, nicolae_dithmenos_through_a_glass_darkly,
          uniq_natasha

Action                   |  1- 3 |  4- 6 || total
-------------------------+-------+-------++-------
Melee: Unarmed           |    21 |       ||    21
       Club              |     9 |    35 ||    44
       Dagger            |    92 |    11 ||   103
 Cast: Magic Dart        |    80 |   119 ||   199
  Use: Scroll            |       |     4 ||     4
  Eat: Chunk             |     1 |     5 ||     6
